 Dungeon Crawl Stone Soup version 0.23-a0-169-gb21e69520c (webtiles) character file.

24 PikkenKukken the Skirmisher (level 2, -4/24 HPs)
             Began as a Demonspawn Monk on Sept 12, 2018.
             Slain by an adder (5 damage)
             ... on level 1 of the Dungeon.
             The game lasted 00:01:38 (1134 turns).

PikkenKukken the Skirmisher (Demonspawn Monk)       Turns: 1134, Time: 00:01:38

Health: -4/24      AC: -2    Str: 11    XL:     2   Next: 79%
Magic:  2/2        EV: 12    Int: 11    God:
Gold:   93         SH:  3    Dex: 15    Spells: 1/1 levels left

rFire    . . .     SeeInvis .     - Unarmed
rCold    . . .     Gourm    .   f - +0 buckler
rNeg     . . .     Faith    .   a - +0 robe
rPois    .         Spirit   .   (helmet restricted)
rElec    .         Reflect  .   (no cloak)
rCorr    .         Harm     .   (no gloves)
MR       .....                  (no boots)
Stlth    ++........             (no amulet)
HPRegen  0.08/turn              g - -5 ring of protection (curse)
MPRegen  0.08/turn              (no ring)

@: lethally poisoned (-4 -> -6)
A: antennae 1
a: no special abilities


You were on level 1 of the Dungeon.
You were not hungry.

You visited 1 branch of the dungeon, and saw 2 of its levels.

You collected 93 gold pieces.

Inventory:

Armour
 a - a +0 robe (worn)
 f - a +0 buckler (worn)
Jewellery
 g - a cursed -5 ring of protection (left hand)
Potions
 c - 2 potions of haste
 e - a potion of degeneration {unknown}
 h - a potion of might {unknown}
Comestibles
 b - 2 rations
 d - 2 chunks of flesh


   Skills:
 + Level 3.2 Fighting
 + Level 0.9 Armour
 - Level 2.6 Dodging
 - Level 1.7 Stealth
 + Level 0.1 Shields
 * Level 3.2 Unarmed Combat


You had one spell level left.
You didn't know any spells.
Your spell library was empty.

Dungeon Overview and Level Annotations

Branches:
Dungeon (2/15)

Altars:


Innate Abilities, Weirdness & Mutations

You have a pair of small antennae on your head.


Message History

The adder closely misses you.
You climb upwards.
There is a stone staircase leading down here.
Unknown command.
You closely miss the adder.
You feel sick. The adder closely misses you. The adder barely misses you.
You hit the adder but do no damage. The adder bites you.
* * * LOW HITPOINT WARNING * * *
The adder bites you.
* * * LOW HITPOINT WARNING * * *
You block the adder's attack.
You hit the adder.
The adder is lightly wounded.
The adder misses you. x2
You barely miss the adder.
The adder is lightly wounded.
The adder bites you.
* * * LOW HITPOINT WARNING * * *
The adder bites you.
You die...

#..........................#
#####.......#......#.#.##...
#.......########.#..+...
#.......# #.####... ##
#.......# #.####... .#
#.......### #.##..... .#
#####.......# #....#### .#
#)........S.######[##.# .#
#........@..'......##.# .#
#.........S.#....####.# ##
#.....###...#....# ### #
#.....# #...#....# # #######
#...#....# # #...#....# #
#...#....# # #...#....#
#####....#


You could see 2 adders.

Vanquished Creatures
  5 goblins
  2 hobgoblins (D:1)
  3 jackals (D:1)
  3 bats (D:1)
  A frilled lizard (D:1)
  4 kobolds
  6 rats
24 creatures vanquished.

Notes
Turn   | Place    | Note
-------+----------+-------------------------------------------
     0 | D:1      | PikkenKukken the Demonspawn Monk began the quest for the
                  | Orb.
     0 | D:1      | Reached XP level 1. HP: 18/18 MP: 1/1
   467 | D:1      | Gained mutation: You have a pair of small antennae on your
                  | head. [demonic ancestry]
   467 | D:1      | Reached XP level 2. HP: 22/24 MP: 2/2
  1134 | D:1      | HP: 1/24 [adder (1)]
  1134 | D:1      | Slain by an adder

Vault maps used:
D:1:      nagdon_arrival_double_spiral
D:2:      minmay_wonky_spiral, st_stairs_5, okawaru_trees_2

Skill      XL: |  1 |
---------------+----+-----
Unarmed Combat | 3 |  3.2
Fighting       | |  3.2
Armour         | |  0.9
Dodging        | |  2.6
Stealth        | |  1.7
Shields        | |  0.1

Action                   || total
-------------------------++-------
Melee: Unarmed           ||    83
  Use: Scroll            ||     3
 Stab: Sleeping          ||     4
  Eat: Chunk             ||     1
Armor: Robe              ||     5
Dodge: Dodged            ||    55
Block: Buckler           ||     9

Table legend:
 A = Non-vault XP
 B = Vault XP
 C = Vault XP percentage of total XP
 D = Non-vault monster count
 E = Vault monster count
 F = Vault count percentage of total count
                 A         B        C        D         E       F
            +---------+---------+-------+---------+---------+-------
      Total |      32 |       3 |   8.6 |      22 |       2 |   8.3
            +---------+---------+-------+---------+---------+-------
        D:1 |      27 |       0 |   0.0 |      19 |       0 |   0.0
        D:2 |       5 |       3 |  37.5 |       3 |       2 |  40.0
            +---------+---------+-------+---------+---------+-------
